 Dungeon Crawl Stone Soup version 0.30-a0-900-g23479c02f2 (webtiles) character file.

Game seed: 7664365068898360325

191 Sobieck the Sneak (level 5, -1/26 HPs)
             Began as a Spriggan Earth Elementalist on Mar 18, 2023.
             Slain by Pikel
             ... wielding a +2 whip of freezing
              (4 damage)
             ... on level 4 of the Dungeon.
             The game lasted 00:06:46 (3749 turns).

Sobieck the Sneak (Spriggan Earth Elementalist)     Turns: 3749, Time: 00:06:47

Health: -1/26      AC:  2    Str:  4    XL:     5   Next: 41%
Magic:  10/11      EV: 24    Int: 18    God:
Gold:   203        SH:  5    Dex: 21    Spells: 8/11 levels left

rFire   . . .      SeeInvis +    y - +8 whip "Orissif" {flame, Dex+5, mace}
rCold   . . .      Faith    .    (no shield)
rNeg    . . .      Spirit   .    a - +0 robe
rPois   +          Reflect  +    (helmet restricted)
rElec   .          Rampage  .    (no cloak)
rCorr   .                        (gloves unavailable)
Will    .....                    (boots unavailable)
Stlth   +++                      v - amulet of reflection
HPRegen 0.24/turn                d - +5 ring of evasion
MPRegen 0.12/turn                g - ring of poison resistance

@: very quick
A: very small, no large weapons, unfitting armour, see invisible, speed 3
a: no special abilities


You were on level 4 of the Dungeon.
You visited 1 branch of the dungeon, and saw 4 of its levels.

You collected 203 gold pieces.


Innate Abilities, Weirdness & Mutations

You are very small and have problems with some larger weapons.
You are too small for most types of armour.
You have supernaturally acute eyesight. (SInv)
You cover ground extremely quickly. (Speed+++)


   Skills:
 + Level 1.7 Fighting
 + Level 4.2 Dodging
 + Level 4.6 Stealth
 + Level 3.9 Spellcasting
 - Level 1.3 Transmutations
 + Level 3.4 Earth Magic


You had 8 spell levels left.
You knew the following spells:

 Your Spells              Type           Power      Damage    Failure   Level
a - Sandblast             Erth           30%        2d9       3%          1
b - Passwall              Tmut/Erth      10%        N/A       9%          2

Your spell library contained the following spells:

 Spells                   Type           Power      Damage    Failure   Level
 Summon Small Mammal      Summ           12%        N/A       16%         1
 Stone Arrow              Conj/Erth      18%        3d8       22%         3
 Call Canine Familiar     Summ           3%         N/A       41%         3
 Summon Guardian Golem    Hex/Summ       3%         N/A       41%         3
 Tukima's Dance           Hex            3%         N/A       41%         3
 Petrify                  Tmut/Erth      12%        N/A       50%         4
 Airstrike                Air            1%         2d(1-17)  83%         4
 Passage of Golubria      Tloc           3%         N/A       83%         4
 Summon Lightning Spire   Summ/Air       3%         N/A       83%         4
 Yara's Violent Unravell  Hex/Tmut       2%         3d3       97%         5
 Freezing Cloud           Conj/Ice/Air   1%         6-21      99%         5
 Lightning Bolt           Conj/Air       1%         1d12      99%         5
 Simulacrum               Ice/Necr       1%         N/A       100%        6
 Polar Vortex             Ice            1%         N/A       100%        9

Inventory:

Hand Weapons
 e - a +2 short sword of holy wrath {short}
   (You took it off a kobold on level 1 of the Dungeon)
 o - a +0 rapier {short}
   (You found it on level 2 of the Dungeon)
 y - the +8 whip "Orissif" (weapon) {flame, Dex+5, mace}
   (You found it on level 4 of the Dungeon)

   Dex:       It affects your dexterity (+5).
Missiles
 f - 11 stones {throwing}
 k - 6 boomerangs {throwing}
 r - 5 poisoned darts {throwing}
Armour
 a - a +0 robe (worn)
Jewellery
 d - a +5 ring of evasion (left hand)
   (You found it on level 1 of the Dungeon)
 g - a ring of poison resistance (right hand)
   (You found it on level 1 of the Dungeon)
 m - a ring of flight
   (You found it on level 2 of the Dungeon)
 v - an amulet of reflection (around neck)
   (You found it on level 3 of the Dungeon)
Scrolls
 c - 2 scrolls of amnesia
 l - a scroll of teleportation {@r4}
 q - a scroll of blinking {!r}
Potions
 b - 2 potions of magic
 h - 2 potions of attraction {!q}
 j - 2 potions of flight
 t - a potion of degeneration {unknown}
 w - a potion of heal wounds {unknown}

Dungeon Overview and Level Annotations

Branches:
Dungeon (4/15) Zot: 21121
 Temple: D:4-7

Altars:
Wu Jian

Annotations:
D:4 Pikel

#.....#### ##
#.####...#
#.# #.### ##
#.# #.# #.
#.####.# ###.
#....#.# #...
####.#.# #.#.
#.#[####
##.#.
#@#...รท#
#....
#K####.#
#.... #..
#.....# #....
####
####....#....
...#.###
.##....
######


You could see Pikel.


Message History

A lemure is nearby!
Danger!
q - 2 scrolls labelled IRAOZA NUIJ (gained 1) Unknown command.
(D) Dungeon
Where to? (Enter - D:4, ? - help)
There is a stone staircase leading up here.
You climb upwards.
There is a stone staircase leading down here.
You climb downwards.
There is a stone staircase leading up here.
As you read the scroll labelled TIGRAEZXAG, it crumbles to dust.
It is a scroll of amnesia.
Really abort (and waste the scroll)?
Okay, then.
As you read the scroll labelled PEOPOOBICO, it crumbles to dust.
You feel strangely unstable.
It was a scroll of teleportation.
You climb upwards.
There is a stone staircase leading down here.
Unknown command.
Unknown command.
You start waiting.
Your surroundings suddenly seem different.
You can't go down here!
Unknown command.
(D) Dungeon
Where to? (Enter - D:3, ? - help)
You see here a +0 leather armour.
You see here a +0 mace {mace}.
There is a stone staircase leading down here.
You climb downwards.
There is a stone staircase leading up here.
Unknown command.
Unknown command.
As you read the scroll labelled MUIPRA VIOSSUU, it crumbles to dust.
The air around you briefly surges with heat, but it dissipates.
It was a scroll of immolation.
As you read the scroll labelled YRAKKO BIPIM, it crumbles to dust.
Magic quickly surges around you.
It was a scroll of vulnerability.
The air fills with toxic fumes!
As you read the scroll labelled PUODAI PADUD, it crumbles to dust.
It was a scroll of poison.
Blink to where?
Press: ? - help, Dir - move target, f - you Are you sure you want to cancel this blink?
Okay, then.
As you read the scroll labelled IRAOZA NUIJ, it crumbles to dust.
It was a scroll of blinking.
Unknown command.
As you read the scroll labelled UMMUEXT INEGUZ, it crumbles to dust.
It is a scroll of identify.
h - 2 potions of attraction
As you read the scroll of identify {@r1}, it crumbles to dust.
j - 2 potions of flight
As you read the scroll labelled SISOGI MUCU, it crumbles to dust.
Wisps of shadow whirl around you...
It was a scroll of summoning.
As you read the scroll labelled NIOSAV WIPITO, it crumbles to dust.
You assume a fearsome visage.
Nothing appears to happen.
It was a scroll of fear.
Your ball python is engulfed in poison gas.
Your ball python is poisoned.
Unknown command.
Your ball python is engulfed in poison gas.
Your ball python looks even sicker.
You kill your ball python!
Your ball python's corpse dissolves into shadows!
You climb upwards.
Your summoned ally is left behind.
There is a stone staircase leading down here.
Unknown command.
Unknown command.
You start waiting.
You feel your willpower return.
You climb downwards.
There is a stone staircase leading up here.
Unknown command.
Unknown command.
Unknown command.
You open the door.
There is an open door here.
You see here an adder skeleton.
You see here a +0 scale mail.
There is an open door here.
Pikel, Merchant of Souls comes into view.
He is wielding a +2 whip of freezing.
Danger!
The blast of sand hits Pikel but does no damage.
Unknown command.
You whack Pikel! You burn Pikel. Pikel completely misses you.
Unknown command.
You barely miss Pikel. Pikel misses you. Pikel closely misses you.
You hit Pikel. You burn Pikel.
Pikel hits you with a +2 whip of freezing!
Pikel freezes you.
Unknown command.
You hit Pikel. You burn Pikel. Pikel misses you.
Unknown command.
You hit Pikel. You burn Pikel.
Pikel hits you with a +2 whip of freezing!
* * * LOW HITPOINT WARNING * * *
Pikel freezes you.
You die...

Skill      XL: |  1  2  3  4  5 |
---------------+----------------+-----
Dodging        | 3 4 |  4.2
Spellcasting   | 3 |  3.9
Earth Magic    | 3 |  3.4
Fighting       | 1 |  1.7
Stealth        | 4 |  4.6
Transmutations | |  1.3

Action                     |  1- 3 |  4- 6 || total
---------------------------+-------+-------++-------
  Melee: Short sword       |    12 |     5 ||    17
         Whip              |       |     5 ||     5
   Cast: Sandblast         |    65 |    56 ||   121
    Use: Scroll            |       |    10 ||    10
   Stab: Sleeping          |     1 |     2 ||     3
 Armour: Robe              |     1 |     2 ||     3
  Dodge: Dodged            |    39 |    36 ||    75
  Block: Other             |       |     4 ||     4
         Reflection        |       |     1 ||     1

Levels and vault maps discovered:
D:1:      lemuel_arrival_muddy, layout_rooms, nicolae_ecumenical_snake_handling
D:2:      layout_loops_corners, palyth_stone_intersect
D:3:      layout_loops_ring, kennysheep_pointless_box
D:4:      layout_basic, nzn_wu_jian_council_hall, serial_curves, eino_curves_01,
          eino_curves_03, serial_shops, shop_fountains, uniq_pikel

Notes
Turn   | Place    | Note
-------+----------+-------------------------------------------
     0 | D:1      | Sobieck the Spriggan Earth Elementalist began the quest for
                  | the Orb.
     0 | D:1      | Reached XP level 1. HP: 9/9 MP: 5/5
   180 | D:1      | You pick up a book of Storms and begin reading...
   180 | D:1      | You add the spells Airstrike, Summon Lightning Spire and
                  | Lightning Bolt to your library.
   209 | D:1      | Found a faded altar of an unknown god.
   232 | D:1      | Reached XP level 2. HP: 13/13 MP: 3/6
   239 | D:1      | Reached skill level 3 in Dodging
   485 | D:1      | Reached skill level 3 in Spellcasting
   510 | D:1      | You add the spells Tukima's Dance, Passage of Golubria and
                  | Yara's Violent Unravelling to your library.
   745 | D:2      | Learned a level 2 spell: Passwall
   882 | D:2      | Reached skill level 3 in Earth Magic
   882 | D:2      | Reached XP level 3. HP: 14/17 MP: 3/8
  1064 | D:2      | Reached skill level 1 in Fighting
  1103 | D:2      | You pick up a book of Callings and begin reading...
  1103 | D:2      | You add the spells Summon Small Mammal, Call Canine
                  | Familiar and Summon Guardian Golem to your library.
  1827 | D:3      | You fall into a shaft and drop 1 floor!
  1845 | D:3      | HP: 1/18 [orc priest/divine providence (17)]
  1928 | D:2      | Reached XP level 4. HP: 22/22 MP: 6/10
  1974 | D:3      | HP: 4/22 [orc priest/divine providence (16)]
  1977 | D:2      | Reached skill level 4 in Stealth
  2086 | D:3      | You pick up a book of Storms and begin reading...
  2436 | D:3      | You pick up a book of Ice and begin reading...
  2436 | D:3      | You add the spells Freezing Cloud, Simulacrum and Polar
                  | Vortex to your library.
  2893 | D:4      | Found an ornate altar of the Wu Jian Council.
  3093 | D:4      | Reached XP level 5. HP: 25/25 MP: 7/11
  3168 | D:4      | Reached skill level 4 in Dodging
  3205 | D:4      | You pick up a book of Storms and begin reading...
  3214 | D:4      | Noticed a lemure
  3500 | D:4      | Identified the +8 whip "Orissif" {flame, Dex+5}
  3545 | D:4      | Noticed a lemure
  3743 | D:4      | Noticed Pikel
  3749 | D:4      | HP: 3/26 [Pikel/+2 whip of freezing (11)]
  3749 | D:4      | Slain by Pikel

Vanquished Creatures
  An orc priest (D:2)
  An iguana (D:4)
  5 adders
  2 worms
  A dart slug (D:4)
  6 orcs
  10 endoplasms
  2 giant cockroaches (D:1)
  8 goblins
  6 hobgoblins
  2 jackals (D:3)
  6 quokkas
  8 ball pythons
  6 bats
  3 frilled lizards (D:2)
  4 kobolds
  3 rats
74 creatures vanquished.

Table legend:
 A = Non-vault XP
 B = Vault XP
 C = Vault XP percentage of total XP
 D = Non-vault monster count
 E = Vault monster count
 F = Vault count percentage of total count
                 A         B        C        D         E       F
            +---------+---------+-------+---------+---------+-------
      Total |     268 |       5 |   1.8 |      70 |       4 |   5.4
            +---------+---------+-------+---------+---------+-------
        D:1 |      27 |       5 |  15.6 |      16 |       4 |  20.0
        D:2 |     102 |       0 |   0.0 |      26 |       0 |   0.0
        D:3 |      25 |       0 |   0.0 |      13 |       0 |   0.0
        D:4 |     114 |       0 |   0.0 |      15 |       0 |   0.0
            +---------+---------+-------+---------+---------+-------

Illustrated notes

Table legend:
 A = Kills in this place as a percentage of kills in the entire game.
 B = Kills by you in this place as a percentage of kills by you in the entire game.
 C = Kills by friends in this place as a percentage of kills by friends in the entire game.
 D = Other kills in this place as a percentage of other kills in the entire game.
 E = Experience gained in this place as a percentage of experience gained in the entire game.
 F = Experience gained in this place divided by the number of levels of this place that you have seen.
                   A       B       C       D       E      F
               +-------+-------+-------+-------+-------+----------------------
         Total | 100.0 | 100.0 |   N/A |   N/A | 100.0 |  68.2
       Dungeon | 100.0 | 100.0 |   N/A |   N/A | 100.0 |  68.2
               +-------+-------+-------+-------+-------+----------------------

Table legend: (Time is in decaauts)
 A = Elapsed time spent in this place.
 B = Non-inter-level travel time spent in this place.
 C = Inter-level travel time spent in this place.
 D = Time resting spent in this place.
 E = Time spent auto-exploring this place.
 F = Levels seen in this place.
 G = Mean time per level.
                   A        B        C        D        E       F      G
               +--------+--------+--------+--------+--------+-----+--------+
         Total |   2877 |   2758 |    119 |    312 |   1966 |   4 |  719.2 |
       Dungeon |   2877 |   2758 |    119 |    312 |   1966 |   4 |  719.2 |
               +--------+--------+--------+--------+--------+-----+--------+

Top non-repeatable levels by time:
     D:2: 998 daAuts
     D:3: 716 daAuts
     D:4: 585 daAuts
     D:1: 576 daAuts
